 Dungeon Crawl Stone Soup version 0.30-b1-2-g02819fbbbe (webtiles) character file.

Game seed: 5305371503116253253

65 Turgor the Magician (level 3, -1/24 HPs)
             Began as a Demonspawn Hedge Wizard on May 13, 2023.
             Killed by nerve-wracking pain
             ... invoked by an orc priest
              (2 damage)
             ... on level 2 of the Dungeon.
             The game lasted 00:13:05 (2234 turns).

Turgor the Magician (Demonspawn Hedge Wizard)       Turns: 2234, Time: 00:13:06

Health: -1/24      AC:  4    Str: 12    XL:     3   Next: 92%
Magic:  1/7        EV: 12    Int: 15    God:
Gold:   76         SH:  0    Dex: 18    Spells: 2/8 levels left

rFire   . . .        a - +0 dagger
rCold   . . .        (no shield)
rNeg    . . .        b - +0 robe
rPois   .            c - +0 hat
rElec   .            (no cloak)
rCorr   .            (no gloves)
SInv    .            f - +0 pair of boots
Will    .....        (no amulet)
Stlth   ++           m - +6 ring of dexterity
HPRegen 0.24/turn    (no ring)
MPRegen 0.10/turn

%: no passive effects
@: very slightly contaminated
A: spiny 1, sharp scales 1
a: no special abilities


You were on level 2 of the Dungeon.
You visited 1 branch of the dungeon, and saw 2 of its levels.

You collected 76 gold pieces.

Inventory:

Hand Weapons
 a - a +0 dagger (weapon)
Missiles
 h - 16 stones
 l - 6 poisoned darts
Armour
 b - a +0 robe (worn)
 c - a +0 hat (worn)
 f - a +0 pair of boots (worn)
 q - a +3 ring mail
Jewellery
 m - a +6 ring of dexterity (left hand)
Scrolls
 i - a scroll of magic mapping {unknown}
 j - a scroll of identify {unknown}
 n - a scroll of brand weapon {unknown}
 o - 2 scrolls of blinking {unknown}
 p - 3 scrolls of immolation {unknown}
Potions
 e - a potion of curing
 g - 2 potions of attraction {unknown}
 k - a potion of flight {unknown}


   Skills:
 - Level 2.0 Dodging
 - Level 2.0 Stealth
 + Level 3.3 Spellcasting
 * Level 2.4 Conjurations
 * Level 2.0 Summonings
 - Level 0.8 Translocations
 * Level 0.4 Air Magic


You had 2 spell levels left.
You knew the following spells:

 Your Spells              Type           Power      Damage    Failure   Level
a - Magic Dart            Conj           36%        1d4       7%          1
b - Mephitic Cloud        Conj/Pois/Air  5%         N/A       36%         3
c - Call Imp              Summ           16%        N/A       13%         2

Your spell library contained the following spells:

 Spells                   Type           Power      Damage    Failure   Level
 Slow                     Hex            8%         N/A       19%         1
 Blink                    Tloc           10%        N/A       21%         2
 Cigotuvi's Dreadful Rot  Necr/Pois/Air  6%         N/A       26%         2
 Summon Lightning Spire   Summ/Air       6%         N/A       75%         4
 Storm Form               Tmut/Air       1%         N/A       100%        7
 Maxwell's Capacitive Co  Air            1%         ∞         100%        8


Dungeon Overview and Level Annotations

Branches:
Dungeon (2/15)

Altars:


Innate Abilities, Weirdness & Mutations

You are partially covered in sharp spines.
You are partially covered in razor-sharp scales. (AC +1, Slay +1)


Message History

* * * LOW HITPOINT WARNING * * *
You feel better. The orc priest barely misses you.
Casting: Magic Dart (safe; 7% risk of failure)
Confirm with . or Enter, or press ? or * to list all spells.
Aiming: Magic Dart (safe; 7% risk of failure)
Press: ? - help, Shift-Dir - straight line, f/p - orc priest
Aim: an orc priest, wielding a +0 hand axe and wearing a +0 ring mail (severely wounded, 100% to hit)
You miscast Magic Dart.
You are very lightly contaminated with residual magic.
Nothing appears to happen.
The orc priest completely misses you.
Casting: Magic Dart (safe; 7% risk of failure)
Confirm with . or Enter, or press ? or * to list all spells.
Aiming: Magic Dart (safe; 7% risk of failure)
Press: ? - help, Shift-Dir - straight line, f/p - orc priest
Aim: an orc priest, wielding a +0 hand axe and wearing a +0 ring mail (severely wounded, 100% to hit)
You miscast Magic Dart.
Nothing appears to happen.
The orc priest barely misses you.
Unknown command.
Casting: Magic Dart (safe; 7% risk of failure)
Confirm with . or Enter, or press ? or * to list all spells.
Aiming: Magic Dart (safe; 7% risk of failure)
Press: ? - help, Shift-Dir - straight line, f/p - orc priest
Aim: an orc priest, wielding a +0 hand axe and wearing a +0 ring mail (severely wounded, 100% to hit)
The magic dart hits the orc priest.
The orc priest is almost dead.
The orc priest mumbles some strange prayers to Beogh against you.
Pain shoots through your body!
Ouch! That really hurt!
* * * LOW HITPOINT WARNING * * *
Unknown command.
Casting: Magic Dart (safe; 7% risk of failure)
Confirm with . or Enter, or press ? or * to list all spells.
Aiming: Magic Dart (safe; 7% risk of failure)
Press: ? - help, Shift-Dir - straight line, f/p - orc priest
Aim: an orc priest, wielding a +0 hand axe and wearing a +0 ring mail (almost dead, 100% to hit)
The magic dart hits the orc priest but does no damage.
The orc priest is almost dead.
The orc priest mumbles some strange prayers to Beogh against you.
Pain shoots through your body!
You die...

.#..).#.#.# .#..#...#.######
######### .#..#oo.#.......
#.......# .#..#<)..)......
#.......########.#..###########.
##.......##..........
.................>######
##.......##.##.o........
##.......##.##.#@.......
.#......†##.##.#..######
.########<#.##.#..# .#
#.#....#..# .# #.#.####..# .#
#.#....#..# .########.##.#.#..#
........#......#..#
...####.####..^#..#


You could see an orc priest.

Vanquished Creatures
  3 adders (D:2)
  2 orcs (D:2)
  4 bats
  2 endoplasms
  2 giant cockroaches
  6 goblins
  2 hobgoblins
  4 jackals (D:2)
  A kobold (D:2)
  A quokka (D:2)
  A ball python (D:1)
  2 frilled lizards
  2 rats
32 creatures vanquished.

Notes
Turn   | Place    | Note
-------+----------+-------------------------------------------
     0 | D:1      | Turgor the Demonspawn Hedge Wizard began the quest for the
                  | Orb.
     0 | D:1      | Reached XP level 1. HP: 13/13 MP: 4/4
   383 | D:1      | Gained mutation: You are partially covered in razor-sharp
                  | scales. (AC +1, Slay +1) [demonic ancestry]
   383 | D:1      | Reached XP level 2. HP: 19/19 MP: 0/6
  1273 | D:2      | Gained mutation: You are partially covered in sharp spines.
                  | [demonic ancestry]
  1273 | D:2      | Reached XP level 3. HP: 13/24 MP: 0/7
  1535 | D:2      | Learned a level 3 spell: Mephitic Cloud
  1538 | D:2      | Learned a level 2 spell: Call Imp
  2233 | D:2      | HP: 1/24 [orc priest/nerve-wracking pain (12)]
  2234 | D:2      | Killed from afar by an orc priest

Illustrated notes

Levels and vault maps discovered:
D:1:      saegor_arrival_simple_e, layout_loops_ring
D:2:      layout_basic

Skill      XL: |  1  2  3 |
---------------+----------+-----
Stealth        | 2 |  2.0
Dodging        | 2 |  2.0
Conjurations   | 2 |  2.4
Summonings     | 2 |  2.0
Spellcasting   | |  3.3
Translocations | |  0.8
Air Magic      | |  0.4

Action                     || total
---------------------------++-------
  Melee: Dagger            ||    28
   Cast: Magic Dart        ||   103
         Call Imp          ||     1
    Use: Potion            ||     4
 Armour: Robe              ||    19
  Dodge: Dodged            ||    43
